Map: Port Aleksander LE

Players

HeroMarine - Winner!

  • Race: Terran Terran
  • Spawn Location: 5:00

SKillous

  • Race: Protoss Protoss
  • League: Master
  • Spawn Location: 11:00

Event: 2019 WCS Winter Europe

VOD

Have the link to the VOD?

Description

Time

  • Played on: Feb. 1, 2019, 12:23 p.m.
  • Length: 10:37

All games in this series

Show
View Real Time Build Order
Export as new Build Order

HeroMarine Terran - Winner!

Build Orders: Gas First Reaper Expand, Banshee Rush 

Get SALT Encoding   

  12  0:00  SCV  
  13  0:12  SCV  
  14  0:17  Supply Depot  
  14  0:25  SCV  
  15  0:29  Refinery  
  15  0:39  SCV  
  16  0:46  Barracks  
  16  0:51  SCV  
  17  1:03  SCV  
  18  1:15  SCV  
  19  1:33  Reaper, Orbital Command  
  20  1:45  Command Center  
  20  1:55  Factory  
  20  2:00  SCV  
  21  2:06  Barracks Reactor  
  21  2:12  SCV  
  22  2:16  Supply Depot  
  22  2:17  Refinery  
  22  2:24  SCV  
  23  2:38  SCV  
  23  2:44  Hellion, Starport, Marine x2  
  26  2:50  SCV  
  29  3:02  SCV, Marine x2  
  32  3:07  Orbital Command  
  32  3:14  SCV  
  32  3:16  Factory Tech Lab  
  32  3:23  Marine  
  32  3:24  Marine  
  32  3:26  SCV  
  35  3:33  SCV  
  36  3:36  Supply Depot  
  36  3:38  SCV, Cloaking Field  
  36  3:39  Banshee  
  40  3:43  Factory Tech Lab  
  40  3:46  Supply Depot  
  40  3:50  SCV x2  
  44  4:01  Siege Tank  
  44  4:02  SCV  
  46  4:08  SCV  
  46  4:09  Supply Depot  
  47  4:14  SCV  
  48  4:18  Marine x2  
  48  4:20  SCV  
  48  4:22  Banshee  
  54  4:31  SCV  
  54  4:32  SCV  
  54  4:33  Supply Depot  
  54  4:36  Command Center  
  56  4:43  SCV  
  56  4:44  SCV, Siege Tank  
  61  4:54  Barracks  
  61  4:57  Barracks  
  61  4:58  SCV x2  
  63  5:05  Engineering Bay  
  63  5:10  SCV, Starport Reactor  
  63  5:11  SCV, Stimpack, Marine  
  66  5:21  Engineering Bay  
  66  5:23  SCV x2  
  68  5:29  Marine  
  68  5:35  SCV  
  70  5:37  Refinery  
  70  5:39  Refinery  
  70  5:47  SCV  
  70  5:49  Orbital Command  
  72  5:52  Marine x2  
  72  5:53  Starport Reactor, Marine  
  72  5:55  SCV  
  75  5:59  SCV  
  76  6:10  Marine x3, Barracks  
  79  6:11  Barracks  
  79  6:13  SCV x2  
  78  6:19  Terran Infantry Weapons Level 1, Terran Infantry Armor Level 1  
  78  6:20  Factory Reactor  
  78  6:27  Marine x2  
  78  6:28  Marine x2  
  78  6:29  Marauder  
  84  6:33  Supply Depot  
  84  6:48  Medivac x2, Supply Depot x2  
  84  6:50  Marauder, Orbital Command  
  84  6:51  SCV  
  84  6:52  SCV  
  93  6:57  Supply Depot  
  93  6:58  Supply Depot  
  93  7:01  Widow Mine x2  
  93  7:02  Barracks Tech Lab x2  
  93  7:04  SCV x2  
  92  7:12  Marauder  
  92  7:13  Combat Shield, Marine  
  92  7:14  Marine x3  
  98  7:16  SCV x2  
  98  7:17  Orbital Command  
  98  7:18  Medivac x2  
  108  7:22  Widow Mine  
  108  7:23  Widow Mine  
  108  7:25  Concussive Shells  
  108  7:26  Marauder x2  
  108  7:29  SCV x2  
  113  7:32  Missile Turret  
  113  7:33  Marauder  
  113  7:35  Marine x3  
  113  7:36  Missile Turret, Marine  
  118  7:38  Armory  
  118  7:41  SCV x2  
  120  7:44  SCV  
  120  7:47  Marauder  
  123  7:56  Marine x2  
  123  7:57  Marine x2  
  127  8:01  Medivac x2  
  127  8:03  Widow Mine  
  133  8:10  Supply Depot  
  133  8:11  Marauder x2, Widow Mine, Marine  
  140  8:14  Marine  
  141  8:21  Supply Depot  
  141  8:22  Marine x2  
  141  8:23  Marine  
  141  8:27  Refinery  
  141  8:28  Refinery  
  141  8:31  SCV, Marauder  
  141  8:32  Marine x2  
  141  8:33  Marauder  
  148  8:39  Marine  
  149  8:42  Marine  
  149  8:45  Marine  
  149  8:47  SCV x2  
  149  8:48  SCV  
  147  8:50  Marine x2  
  147  8:52  Marine  
  147  8:54  Medivac x2, Widow Mine x2  
  155  8:56  Marauder  
  155  8:58  Marine  
  155  9:00  Marine  
  155  9:07  Starport  
  147  9:10  Marine x2  
  147  9:12  Marine x2  
  147  9:16  SCV  
  147  9:17  SCV x2  
  141  9:20  Marine x2  
  136  9:25  Marine  
  136  9:28  Marine  
  136  9:29  SCV x2  
  136  9:30  SCV  
  136  9:31  Marine x2  
  134  9:34  Marine  
  134  9:38  Marine x2  
  128  9:41  SCV  
  128  9:42  SCV x2  
  128  9:43  Marine  
  131  9:45  Missile Turret  
  131  9:46  Marine  
  131  9:49  Marine x2  
  131  9:52  Orbital Command, Marine  
  129  9:56  Marine x2  
  125  10:00  Marine  
  125  10:03  Marine  
  125  10:06  Missile Turret, Marine  
  125  10:07  Marine  
  118  10:14  Marine x2  
  118  10:17  Marine  
  118  10:18  Marine  
Show
View Real Time Build Order
Export as new Build Order

SKillous Protoss 

Build Orders: 1 Gate Expand, Blink Stalkers 

Get SALT Encoding   

  12  0:01  Probe  
  13  0:13  Probe  
  14  0:18  Pylon  
  14  0:24  Probe  
  15  0:32  Probe  
  15  0:37  Gateway  
  15  0:40  Probe  
  16  0:46  Assimilator  
  17  0:51  Probe  
  18  1:03  Probe  
  19  1:15  Probe  
  20  1:26  Cybernetics Core  
  20  1:35  Nexus  
  20  1:40  Pylon  
  20  1:44  Probe  
  21  1:49  Assimilator  
  21  1:53  Adept  
  21  1:57  Probe  
  22  2:03  Warp Gate  
  24  2:09  Probe  
  25  2:16  Stalker  
  25  2:17  Twilight Council  
  25  2:21  Probe  
  28  2:33  Probe  
  29  2:43  Probe  
  29  2:45  Probe  
  29  2:46  Stalker  
  33  2:51  Probe  
  33  2:57  Probe  
  35  3:01  Probe  
  35  3:05  Blink  
  36  3:08  Probe  
  37  3:13  Probe  
  37  3:16  Probe  
  36  3:21  Gateway  
  36  3:22  Gateway  
  36  3:24  Probe  
  36  3:25  Probe  
  38  3:34  Robotics Facility  
  39  3:35  Probe  
  39  3:38  Probe  
  41  3:42  Pylon  
  41  3:48  Probe  
  42  3:50  Stalker, Probe  
  42  3:53  Assimilator  
  45  4:00  Probe, Shield Battery  
  46  4:02  Probe  
  47  4:15  Stalker, Observer  
  47  4:16  Stalker  
  51  4:18  Stalker  
  51  4:22  Pylon  
  54  4:30  Nexus  
  54  4:40  Observer  
  54  4:43  Gateway  
  54  4:45  Gateway  
  55  4:46  Gateway  
  55  4:48  Probe  
  55  4:49  Probe  
  57  4:54  Pylon  
  57  4:59  Stalker  
  59  5:00  Probe  
  59  5:01  Observer  
  61  5:12  Stalker  
  63  5:15  Charge  
  63  5:19  Forge x2  
  63  5:20  Probe x2  
  65  5:25  Pylon  
  65  5:32  Probe  
  65  5:33  Probe  
  67  5:38  Probe  
  67  5:39  Protoss Ground Weapons Level 1  
  68  5:44  Protoss Ground Armor Level 1, Probe  
  68  5:45  Probe  
  68  5:46  Probe, Pylon  
  70  5:54  Observer  
  70  5:56  Probe  
  70  5:57  Probe x2  
  73  6:00  Gateway  
  73  6:02  Observer  
  73  6:07  Stalker x2  
  73  6:08  Stalker, Probe  
  73  6:09  Probe x2  
  76  6:20  Probe  
  76  6:21  Probe x2  
  76  6:30  Observer  
  75  6:32  Probe  
  75  6:33  Probe  
  75  6:34  Probe  
  77  6:45  Probe x2  
  77  6:46  Probe  
  80  6:49  Stalker x2  
  83  6:57  Probe x2  
  83  6:58  Probe  
  85  7:07  Probe  
  83  7:08  Observer  
  83  7:09  Probe x2  
  83  7:12  Protoss Ground Weapons Level 2  
  83  7:15  Probe  
  86  7:21  Probe x2  
  89  7:24  Probe, Pylon  
  89  7:26  Pylon  
  90  7:31  Observer  
  90  7:33  Protoss Ground Armor Level 2, Probe x2  
  90  7:36  Nexus, Probe  
  93  7:37  Warp Prism  
  93  7:38  Pylon  
  93  7:39  Observer  
  95  7:45  Probe x2  
  95  7:48  Probe  
  98  7:58  Probe x2  
  99  8:02  Sentry x2  
  99  8:04  Pylon, Gateway  
  103  8:06  Gateway  
  103  8:07  Pylon  
  103  8:09  Pylon  
  103  8:16  Probe  
  104  8:20  Dark Shrine  
  104  8:21  Pylon  
  104  8:22  Probe  
  104  8:26  Zealot x5  
  104  8:27  Zealot x2  
  115  8:30  Immortal  
  121  8:47  Zealot x6  
  121  8:48  Zealot  
  121  8:52  Zealot x5  
  121  8:53  Zealot x2  
  83  9:10  Zealot x4  
  83  9:13  Zealot  
  83  9:14  Zealot x4  
  79  9:36  Dark Templar x2  
  71  9:41  Dark Templar x3  
  67  9:47  Dark Templar  
  67  9:49  Assimilator  
  67  9:51  Probe  
  70  9:53  Assimilator  
  66  10:00  Dark Templar  
  59  10:14  Nexus  
  59  10:15  Pylon  
Tags
 
Add a new tag
Caveats
  • Supply blocks, unpowered buildings, or Contaminate may cause inaccurate times.
  • Supply counts are checked every 10 seconds.